 Dungeon Crawl Stone Soup version 0.28.0-43-g3370ac3207 (webtiles) character file.

Game seed: 15916422842596490379

82 Ablot the Grasshopper (level 4, -1/38 HPs)
             Began as a Gnoll Warper on Mar 12, 2022.
             Splashed by a jelly's acid (7 damage)
             ... on level 5 of the Dungeon.
             The game lasted 00:01:54 (2153 turns).

Ablot the Grasshopper (Gnoll Warper)                Turns: 2153, Time: 00:01:55

Health: -1/38      AC: -4    Str: 12    XL:     4   Next: 43%
Magic:  20/20      EV: 12    Int: 13    God:
Gold:   130        SH:  0    Dex: 11    Spells: 11/13 levels left

rFire   . . .      SeeInvis .   a - +0 spear
rCold   . . .      Faith    .   (no shield)
rNeg    . . .      Spirit   .   b - +0 leather armour
rPois   .          Reflect  .   (no helmet)
rElec   .          Harm     .   (no cloak)
rCorr   .          Rampage  .   (no gloves)
Will    .....                   (no boots)
Stlth   +.........              n - amulet of magic regeneration
HPRegen 0.12/turn               l - ring of magical power
MPRegen 0.57/turn               (no ring)

@: corroded
A: fangs 1, strong nose, distributed training
a: no special abilities


You were on level 5 of the Dungeon.
You visited 1 branch of the dungeon, and saw 4 of its levels.

You collected 130 gold pieces.

Inventory:

Hand Weapons
 a - a +0 spear (weapon)
Missiles
 d - 5 boomerangs of dispersal (quivered)
 i - 48 stones
 j - 14 bolts
 p - 20 sling bullets
Armour
 b - a +0 leather armour (worn)
Jewellery
 l - a ring of magical power (left hand)
 n - an amulet of magic regeneration (around neck)
Scrolls
 c - a scroll of blinking
 e - 4 scrolls of teleportation {unknown}
 f - a scroll of identify {unknown}
 m - a scroll of fear {unknown}
Potions
 g - 2 potions of magic {unknown}
 h - a potion of curing {unknown}
 k - a potion of heal wounds {unknown}
 o - 2 potions of invisibility {unknown}
 q - a potion of attraction {unknown}
 r - a potion of degeneration {unknown}
 s - a potion of haste {unknown}


   Skills:
 + Level 4.6 Fighting
 + Level 1.1 Short Blades
 + Level 1.1 Long Blades
 + Level 1.1 Axes
 + Level 1.1 Maces & Flails
 + Level 4.6 Polearms
 + Level 1.1 Staves
 + Level 1.1 Slings
 + Level 1.1 Bows
 + Level 1.1 Crossbows
 + Level 2.7 Throwing
 + Level 2.7 Armour
 + Level 4.6 Dodging
 + Level 1.1 Stealth
 + Level 1.1 Shields
 + Level 1.1 Unarmed Combat
 + Level 5.1 Spellcasting
 + Level 0.9 Conjurations
 + Level 0.9 Hexes
 + Level 0.9 Summonings
 + Level 0.9 Necromancy
 + Level 5.4 Translocations
 + Level 0.9 Transmutations
 + Level 0.9 Fire Magic
 + Level 0.9 Ice Magic
 + Level 0.9 Air Magic
 + Level 0.9 Earth Magic
 + Level 0.9 Poison Magic
 + Level 1.2 Invocations
 + Level 1.1 Evocations


You had 11 spell levels left.
You knew the following spells:

 Your Spells              Type           Power      Damage    Failure   Level
a - Blink                 Tloc           34%        N/A       3%          2

Your spell library contained the following spells:

 Spells                   Type           Power      Damage    Failure   Level
 Gell's Gravitas          Tloc           17%        N/A       8%          3
 Lesser Beckoning         Tloc           17%        N/A       8%          3
 Teleport Other           Tloc           17%        N/A       8%          3
 Manifold Assault         Tloc           17%        N/A       56%         5


Dungeon Overview and Level Annotations

Branches:
Dungeon (3/15)

Altars:


Innate Abilities, Weirdness & Mutations

You have very sharp teeth.
Your uncanny sense of smell can sniff out nearby items.
Your experience applies equally to all skills.


Message History

The bat hits the fungus.
The frilled lizard bites the fungus.
The fungus begins to die.
The bat hits the fungus.
You reach to attack!
You hit the jelly.
The jelly is lightly wounded.
The bat hits the fungus. x2
The frilled lizard unfolds its giant frill.
The frilled lizard bites the fungus.
The bat hits the fungus.
You hit the jelly.
Your hands burn!
The jelly is heavily wounded.
The bat hits the fungus. x2; The jelly hits you.
You are splashed with acid.
The frilled lizard bites the fungus.
You hit the jelly. The acid corrodes you!
Your hands burn!
You bite the jelly, but do no damage.
The jelly is severely wounded.
A nearby fungus withers and dies.
The bat hits the fungus. x3
The jelly hits you. The acid corrodes you!
You are splashed with acid!
You are too injured to fight recklessly!
You are too injured to fight recklessly!
You are too injured to fight recklessly!
You are too injured to fight recklessly!
You are too injured to fight recklessly!
You are too injured to fight recklessly!
You are too injured to fight recklessly!
You are too injured to fight recklessly!
You are too injured to fight recklessly!
You are too injured to fight recklessly!
You are too injured to fight recklessly!
You are too injured to fight recklessly!
You are too injured to fight recklessly!
You are too injured to fight recklessly!
You are too injured to fight recklessly!
You are too injured to fight recklessly!
Unknown command.
You hit the jelly.
Your hands burn!
* * * LOW HITPOINT WARNING * * *
The jelly is almost dead.
The bat hits the fungus. x2; The jelly hits you.
* * * LOW HITPOINT WARNING * * *
You are splashed with acid!
You die...

# # #.# .#
##..##.##
........# #
#.#####.# #.
#J#P≈P#..
#..##@#b≈≈#.#
#.....#l≈≈#..
#.##..#####.#
#.........
##.##...##
..# ...# ...
.... ....
..## ##.#


You could see a jelly, a bat and a frilled lizard.

Vanquished Creatures
  Jessica (D:2)
  A worm (D:2)
  4 bats
  4 endoplasms
  2 giant cockroaches
  4 hobgoblins (D:1)
  3 jackals (D:1)
  7 kobolds
  2 quokkas
  5 ball pythons
  2 frilled lizards (D:2)
  7 goblins
  5 rats
47 creatures vanquished.

Vanquished Creatures (others)
  2 fungi (D:5)
2 creatures vanquished.

Grand Total: 49 creatures vanquished

Notes
Turn   | Place    | Note
-------+----------+-------------------------------------------
     0 | D:1      | Ablot the Gnoll Warper began the quest for the Orb.
     0 | D:1      | Reached XP level 1. HP: 20/20 MP: 6/6
   133 | D:1      | Reached XP level 2. HP: 26/26 MP: 7/7
   136 | D:1      | Learned a level 2 spell: Blink
   660 | D:1      | Reached XP level 3. HP: 31/31 MP: 9/9
   664 | D:1      | Found a faded altar of an unknown god.
   669 | D:1      | Reached skill level 5 in Spellcasting
   941 | D:2      | Noticed Jessica
   957 | D:2      | Killed Jessica
   958 | D:2      | Reached skill level 1 in Short Blades
   958 | D:2      | Reached skill level 1 in Long Blades
   958 | D:2      | Reached skill level 1 in Axes
   958 | D:2      | Reached skill level 1 in Maces & Flails
   958 | D:2      | Reached skill level 1 in Staves
   958 | D:2      | Reached skill level 1 in Slings
   958 | D:2      | Reached skill level 1 in Bows
   958 | D:2      | Reached skill level 1 in Crossbows
   958 | D:2      | Reached skill level 1 in Stealth
   958 | D:2      | Reached skill level 1 in Shields
   958 | D:2      | Reached skill level 1 in Unarmed Combat
   958 | D:2      | Reached skill level 1 in Invocations
   958 | D:2      | Reached skill level 1 in Evocations
   958 | D:2      | Reached XP level 4. HP: 18/38 MP: 11/11
  2146 | D:3      | You fall into a shaft and drop 2 floors!
  2146 | D:5      | Entered Level 5 of the Dungeon
  2153 | D:5      | Splashed by a jelly's acid

Illustrated notes

Levels and vault maps discovered:
D:1:      lemuel_arrival_room, layout_rooms, hellmonk_ecumenical_altar_zigzags,
          nrook_campfire
D:2:      layout_loops_ring, lightli_corner_chamber, uniq_jessica
D:3:      layout_basic, minivault_5
D:5:      layout_basic, serial_aquarium, aquarium_bridge_straight
          [aquarium_subvault_bridge, aquarium_subvault_window,
          aquarium_subvault_bridge, aquarium_subvault_wall],
          aquarium_window_corner, aquarium_window_corridor_2, aquarium_view_2f,
          aquarium_view_2a, aquarium_pool_1, serial_shops, nicolae_square_shop,
          shop, nicolae_lakefront_shop, kennysheep_small_square

Skill      XL: |  1  2  3 |
---------------+----------+-----
Spellcasting   | 5 |  5.1
Short Blades   | 1 |  1.1
Long Blades    | 1 |  1.1
Axes           | 1 |  1.1
Maces & Flails | 1 |  1.1
Staves         | 1 |  1.1
Slings         | 1 |  1.1
Bows           | 1 |  1.1
Crossbows      | 1 |  1.1
Stealth        | 1 |  1.1
Shields        | 1 |  1.1
Unarmed Combat | 1 |  1.1
Invocations    | 1 |  1.2
Evocations     | 1 |  1.1
Fighting       | |  4.6
Polearms       | |  4.6
Throwing       | |  2.7
Armour         | |  2.7
Dodging        | |  4.6
Conjurations   | |  0.9
Hexes          | |  0.9
Summonings     | |  0.9
Necromancy     | |  0.9
Translocations | |  5.4
Transmutations | |  0.9
Fire Magic     | |  0.9
Ice Magic      | |  0.9
Air Magic      | |  0.9
Earth Magic    | |  0.9
Poison Magic   | |  0.9

Action                   |  1- 3 |  4- 6 || total
-------------------------+-------+-------++-------
Melee: Spear             |   109 |    54 ||   163
       Bite              |    10 |     4 ||    14
       Punch             |     3 |       ||     3
Armor: Leather armour    |    31 |     4 ||    35
Dodge: Dodged            |    65 |    12 ||    77
